 Dungeon Crawl Stone Soup version 0.25.1-2-g60ff931df9 (webtiles) character file.

Game seed: 823047173089398319

536 Amplified the Skirmisher (level 7, -1/41 HPs)
             Began as a Gargoyle Enchanter on Oct 16, 2020.
             Was a Believer of Kikubaaqudgha.
             Slain by a centaur (2 damage)
             ... on level 5 of the Dungeon.
             The game lasted 00:13:42 (5593 turns).

Amplified the Skirmisher (Gargoyle Enchanter)       Turns: 5593, Time: 00:13:43

Health: -1/41      AC: 10    Str: 13    XL:     7   Next: 25%
Magic:  2/12       EV: 11    Int: 16    God:    Kikubaaqudgha [**....]
Gold:   290        SH:  0    Dex: 10    Spells: 5/12 levels left

rFire    . . .     SeeInvis .   a - +2 dagger
rCold    . . .     Gourm    .   (no shield)
rNeg     + . .     Faith    .   c - +0 ring mail
rPois    ∞         Spirit   .   (no helmet)
rElec    +         Reflect  .   (no cloak)
rCorr    .         Harm     .   (no gloves)
MR       .....                  (no boots)
Stlth    +.........             (no amulet)
HPRegen  0.13/turn              (no ring)
MPRegen  0.13/turn              (no ring)

@: brilliant, very slightly contaminated
A: negative energy resistance 1, electricity resistance, unbreathing,
petrification resistance, rot immunity, AC +4
a: Receive Corpses, Renounce Religion


You were on level 5 of the Dungeon.
You worshipped Kikubaaqudgha.
Kikubaaqudgha was pleased with you.
You were not hungry.

You visited 1 branch of the dungeon, and saw 6 of its levels.

You collected 290 gold pieces.

Inventory:

Hand Weapons
 a - a +2 dagger (weapon)
Missiles
 b - 5 javelins
 e - 7 poisoned darts (quivered)
 h - a throwing net
 k - 12 sling bullets
Armour
 c - a +0 ring mail (worn)
Jewellery
 g - a +4 ring of evasion
Scrolls
 f - 2 scrolls of remove curse
Potions
 n - a potion of brilliance
Comestibles
 d - 5 rations


   Skills:
 * Level 3.5 Fighting
 - Level 2.2 Short Blades
 - Level 1.3 Armour
 * Level 3.2 Dodging
 - Level 3.2 Stealth
 * Level 3.4 Spellcasting
 * Level 2.9 Hexes
 - Level 2.1 Necromancy
 * Level 0.9 Ice Magic


You had 5 spell levels left.
You knew the following spells:

 Your Spells              Type           Power        Failure   Level  Hunger
a - Corona                Hex            ###....      12%         1    None
b - Ensorcelled Hibernat  Hex/Ice        ##....       26%         2    None
c - Animate Skeleton      Necr           N/A          16%         1    None
d - Confusing Touch       Hex            ###.....     34%         3    None

Your spell library contained the following spells:

 Spells                   Type           Power        Failure   Level  Hunger
 Pain                     Necr           ##..         16%         1    None
 Tukima's Dance           Hex            ###.....     34%         3    None
 Corpse Rot               Necr/Air       N/A          36%         2    None
 Vampiric Draining        Necr           ##........   43%         3    None
 Dazzling Flash           Conj/Hex       ##....       52%         3    None


Dungeon Overview and Level Annotations

Branches:
Dungeon (6/15)             Temple (0/1) D:6

Altars:
Dithmenos
Kikubaaqudgha
Ru
Uskayaw

Annotations:
D:5 Blork the orc


Innate Abilities, Weirdness & Mutations

You are resistant to torment.
Your stone body is resilient. (AC +4)
You are immune to poison.
You resist negative energy. (rN+)
You are resistant to electric shocks. (rElec)
You can survive without breathing.
You are immune to petrification.
You are immune to rotting.


Message History

* * * LOW HITPOINT WARNING * * *
Unknown command.
You hit the centaur but do no damage.
The centaur is heavily wounded.
The centaur hits you but does no damage.
The worker ant waves its antennae.
Casting: Ensorcelled Hibernation (dangerous; 26% risk of failure)
Confirm with . or Enter, or press ? or * to list all spells.
Aiming: Ensorcelled Hibernation (dangerous; 26% risk of failure)
Press: ? - help, Shift-Dir - straight line, f/p - centaur
Aim: a centaur, quivering 15 arrows (heavily wounded, poisoned, chance to defeat MR: 44%)
You feel a surge of power!
You miscast Ensorcelled Hibernation.
You are very lightly contaminated with residual magic.
Nothing appears to happen.
The centaur barely misses you. The centaur hits you!
* * * LOW HITPOINT WARNING * * *
You hit the centaur.
The centaur is severely wounded.
The centaur hits you.
You die...
Kikubaaqudgha rasps: "You have failed me!
Welcome... oblivion!"

..........#
#.######...#
..........# #.#
. ..........#
#.# (..((.....#
#........
#####.(((.#
###..o... #
#####'####
.S.... #
#.......?# .....
#
#........#######
..... #
#..........ac@(#
##.# #
#........#######
.# #############
..# ..# ..# ..#
..# #+#


You could see a centaur (poisoned) and a worker ant.

Vanquished Creatures
  An ice beast (D:5)
  A sky beast (D:5)
  A bullfrog (D:4)
  A scorpion (D:4)
  A hound (D:5)
  An orc wizard (D:4)
  Jessica (D:2)
  An iguana (D:5)
  A worker ant (D:4)
  3 adders
  An adder zombie (D:5)
  2 worms (D:3)
  4 dart slugs
  2 leopard geckos
  7 orcs
  7 giant cockroaches
  5 hobgoblins
  2 quokkas
  A ball python (D:1)
  7 bats
  6 frilled lizards
  2 goblins
  7 kobolds
  3 rats
68 creatures vanquished.

Vanquished Creatures (collateral kills)
  An adder (D:3)
  A bat (D:3)
2 creatures vanquished.

Grand Total: 70 creatures vanquished

Notes
Turn   | Place    | Note
-------+----------+-------------------------------------------
     0 | D:1      | Amplified the Gargoyle Enchanter began the quest for the
                  | Orb.
     0 | D:1      | Reached XP level 1. HP: 10/10 MP: 3/3
    77 | D:1      | Reached skill level 1 in Short Blades
   374 | D:1      | Reached XP level 2. HP: 16/16 MP: 3/5
   381 | D:1      | Reached skill level 1 in Fighting
   391 | D:1      | Learned a level 2 spell: Ensorcelled Hibernation
   509 | D:1      | Reached skill level 1 in Armour
   906 | D:1      | Reached XP level 3. HP: 20/20 MP: 6/6
  1420 | D:2      | Found a faded altar of an unknown god.
  1433 | D:2      | Became a worshipper of Kikubaaqudgha
  1433 | D:2      | Reached * piety under Kikubaaqudgha
  1433 | D:2      | Identified Kikubaaqudgha's Grimoire of Black Rites
                  | (Kikubaaqudgha gifted it to you on level 2 of the Dungeon)
  1433 | D:2      | Received a gift from Kikubaaqudgha
  1655 | D:2      | HP: 1/20 [adder (4)]
  2333 | D:3      | Noticed Jessica
  2450 | D:3      | Reached XP level 4. HP: 16/26 MP: 5/7
  2505 | D:3      | Learned a level 1 spell: Animate Skeleton
  2778 | D:3      | Found a hide-covered altar of Uskayaw.
  2884 | D:2      | Killed Jessica
  2884 | D:2      | Reached skill level 1 in Necromancy
  2977 | D:4      | Noticed an ogre
  2986 | D:5      | Entered Level 5 of the Dungeon
  3144 | D:6      | Noticed an ice beast
  3163 | D:5      | Learned a level 3 spell: Confusing Touch
  3217 | D:4      | Noticed an ice beast
  3268 | D:4      | Noticed an ogre
  3357 | D:4      | Found a sacrificial altar of Ru.
  3439 | D:4      | Noticed a phantom
  3955 | D:3      | Reached XP level 5. HP: 30/30 MP: 6/8
  4479 | D:4      | Reached XP level 6. HP: 31/36 MP: 7/10
  4844 | D:5      | Noticed Blork the orc
  4918 | D:5      | Found a shadowy altar of Dithmenos.
  5115 | D:5      | Noticed a sky beast
  5227 | D:5      | Killed a sky beast
  5415 | D:5      | Reached ** piety under Kikubaaqudgha
  5550 | D:5      | Noticed an ice beast
  5565 | D:5      | Reached XP level 7. HP: 20/41 MP: 8/11
  5592 | D:5      | HP: 1/41 [centaur (7)]
  5593 | D:5      | Slain by a centaur

Illustrated notes

Levels and vault maps discovered:
D:1:      dpeg_arrival_tiny_f, layout_loops_corners, minmay_pentomino_q4
D:2:      layout_loops_ring, chequers_ecumenical_altar_island
D:3:      layout_rooms, overflow_temple_1_default, uniq_jessica
D:4:      kennysheep_six_static_rooms, layout_basic,
          nicolae_ru_the_path_less_chosen, first_ration
D:5:      layout_basic, grunt_dithmenos_smoke_and_mirrors, serial_curves,
          eino_curves_01, eino_curves_01, eino_curves_02, minmay_crystal_room,
          uniq_blork_the_orc
D:6:      layout_basic, nicolae_overflow_hidden_temple,
          minmay_temple_entry_hall, kennysheep_generic_room_5

Skill      XL: |  1  2  3  4  5  6 |
---------------+-------------------+-----
Short Blades   | 1 2 |  2.2
Fighting       | 1 2 3 |  3.5
Armour         | 1 |  1.3
Dodging        | 2 3 |  3.2
Necromancy     | 1 2 |  2.1
Spellcasting   | 3 |  3.4
Stealth        | |  3.2
Hexes          | |  2.9
Ice Magic      | |  0.9

Action                   |  1- 3 |  4- 6 |  7- 9 || total
-------------------------+-------+-------+-------++-------
Melee: Dagger            |   136 |   146 |    20 ||   302
Throw: Dart              |     9 |    33 |     1 ||    43
 Cast: Corona            |    14 |    19 |       ||    33
       Animate Skeleton  |       |     3 |       ||     3
       Ensorcelled Hiber |       |     6 |     2 ||     8
       Confusing Touch   |       |       |     1 ||     1
  Use: Scroll            |     3 |     8 |       ||    11
       Potion            |     1 |     6 |     2 ||     9
 Stab: Sleeping          |     8 |     5 |       ||    13
       Confused          |       |       |     1 ||     1
  Eat: Chunk             |     5 |     5 |       ||    10
       Ration            |       |     2 |       ||     2
Armor: Robe              |    12 |       |       ||    12
       Ring mail         |    39 |    97 |     6 ||   142
Dodge: Dodged            |    86 |   107 |    11 ||   204
